 Dungeon Crawl Stone Soup version 0.23.2-11-gf996548c65 (webtiles) character file.

Game seed: 7816263513764158791

1780 Kobolds4U the Carver (level 8, -1/73 HPs)
             Began as a Minotaur Fighter on June 5, 2019.
             Was a Follower of Ashenzari.
             Slain by a black bear (4 damage)
             ... on level 6 of the Dungeon.
             The game lasted 00:11:23 (5739 turns).

Kobolds4U the Carver (Minotaur Fighter)             Turns: 5739, Time: 00:11:23

Health: -1/73      AC: 10    Str: 20    XL:     8   Next: 81%
Magic:  7/7        EV:  6    Int:  5    God:    Ashenzari [*.....]
Gold:   49         SH: 10    Dex: 13    Spells: 7/7 levels left

rFire    . . .     SeeInvis .   a - +0 long sword (curse)
rCold    . . .     Gourm    .   c - +0 shield (curse)
rNeg     . . .     Faith    .   g - +0 chain mail
rPois    +         Spirit   .   (helmet restricted)
rElec    .         Reflect  .   p - +0 cloak (curse)
rCorr    .         Harm     .   (no gloves)
MR       .....                  (no boots)
Stlth    ..........             (no amulet)
HPRegen  0.22/turn              y - ring of poison resistance
MPRegen  0.10/turn              (no ring)

@: no status effects
A: retaliatory headbutt, horns 2
a: Curse Item, Scrying, Renounce Religion


You were on level 6 of the Dungeon.
You worshipped Ashenzari.
Ashenzari was aware of your devotion.
You were hungry.

You visited 1 branch of the dungeon, and saw 6 of its levels.
You also visited: Sewer.

You collected 264 gold pieces.
You spent 215 gold pieces at shops.

Inventory:

Hand Weapons
 a - a cursed +0 long sword (weapon)
 q - a +2 hand axe of flaming
 F - a +2 spear of flaming
Missiles
 b - 2 javelins
 r - 2 tomahawks (quivered)
 x - 2 throwing nets
Armour
 c - a cursed +0 shield (worn)
 g - a +0 chain mail (worn)
 p - a cursed +0 cloak (worn)
Jewellery
 y - a ring of poison resistance (left hand)
Wands
 D - a wand of paralysis (6)
Scrolls
 h - 7 scrolls of teleportation
 j - 2 scrolls of enchant armour
 k - 2 scrolls of enchant weapon {unknown}
 l - 5 scrolls of fear
 m - 4 scrolls of remove curse
 s - 3 scrolls of magic mapping {unknown}
 u - 3 scrolls of immolation
 v - 2 scrolls of blinking {unknown}
 A - a scroll of fog {unknown}
 G - a scroll of noise {unknown}
Potions
 d - a potion of might
 e - 6 potions of curing
 i - a potion of haste {unknown}
 n - a potion of brilliance {unknown}
 o - a potion of invisibility {unknown}
 t - 2 potions of mutation
 w - a potion of lignification {unknown}
 z - a potion of heal wounds {unknown}
 B - 2 potions of magic
 C - 2 potions of degeneration {unknown}
 E - a potion of flight {unknown}
Comestibles
 f - 13 rations


   Skills:
 + Level 7.3 Fighting
 + Level 10.6 Long Blades
 - Level 3.8 Armour
 + Level 6.9 Shields


You had 7 spell levels left.
You didn't know any spells.
Your spell library was empty.

Dungeon Overview and Level Annotations

Branches:
Dungeon (6/15)             Temple (0/1) D:5

Altars:
Ashenzari
Dithmenos
Elyvilon
Gozag
Hepliaklqana
Kikubaaqudgha
Qazlal
Trog
Uskayaw
Vehumet
Wu Jian
Xom

Shops:
D:5 ?


Innate Abilities, Weirdness & Mutations

You reflexively headbutt those who attack you in melee.
You have a pair of horns on your head.


Message History

You assume a fearsome visage.
The quokka looks frightened!
The black bear barely misses you. You block the black bear's attack.
The black bear claws you but does no damage.
The black bear bites you.
* * * LOW HITPOINT WARNING * * *
You block the black bear's attack. The black bear claws you.
* * * LOW HITPOINT WARNING * * *
The black bear bites you but does no damage.
The black bear claws you.
* * * LOW HITPOINT WARNING * * *
The black bear claws you.
* * * LOW HITPOINT WARNING * * *
You feel better.
The black bear bites you but does no damage.
The black bear barely misses you.
The black bear claws you but does no damage.
The black bear bites you!
* * * LOW HITPOINT WARNING * * *
You block the black bear's attack. The black bear claws you.
You die...

## ############
#.. ..........#
#.#######.######.#
.................#
.....###########.#
.....# #.# .....#
#@## .....# #h.##
#..### #...# ....#
##..# ###.# #..# #
.# #..# # .# #..#
. .. .########..##
## ##
......r.)...#


You could see a black bear (berserk).

Vanquished Creatures
  Sigmund (D:5)
  Eustachio (D:5)
  A sky beast (D:5)
  Purgy (Sewer)
  An orc warrior (D:6)
  A hornet zombie (D:5)
  2 ogres (D:4)
  A scorpion (D:4)
  2 orc priests (D:4)
  4 hounds
  4 jellies
  4 orc wizards
  A centaur skeleton (D:5)
  4 worker ants
  An iguana (D:4)
  A hound skeleton (D:4)
  6 gnolls (D:5)
  11 adders
  2 oozes
  An adder skeleton (D:5)
  An adder zombie (D:4)
  4 worms
  A dart slug (D:4)
  A leopard gecko (D:2)
  24 orcs
  2 ball pythons
  2 giant cockroaches (D:2)
  9 hobgoblins
  9 jackals
  3 quokkas
  5 bats
  11 frilled lizards
  8 goblins
  2 jackal skeletons
  7 kobolds
  13 rats
152 creatures vanquished.

Vanquished Creatures (others)
  2 plants (D:4)
2 creatures vanquished.

Grand Total: 154 creatures vanquished

Notes
Turn   | Place    | Note
-------+----------+-------------------------------------------
     0 | D:1      | Kobolds4U the Minotaur Fighter began the quest for the Orb.
     0 | D:1      | Reached XP level 1. HP: 19/19 MP: 0/0
    67 | D:1      | Reached XP level 2. HP: 23/27 MP: 1/1
   206 | D:1      | Reached skill level 3 in Long Blades
   564 | D:1      | Found a shimmering altar of Xom.
   909 | D:2      | Reached XP level 3. HP: 30/33 MP: 2/2
   920 | D:2      | Reached skill level 4 in Long Blades
  1175 | D:2      | Reached XP level 4. HP: 40/40 MP: 3/3
  1248 | D:2      | Reached skill level 5 in Long Blades
  1581 | D:3      | Found a white marble altar of Elyvilon.
  1973 | D:3      | Found a glowing drain.
  1982 | Sewer    | Entered a sewer
  1999 | Sewer    | Reached skill level 6 in Long Blades
  1999 | Sewer    | Reached XP level 5. HP: 43/46 MP: 4/4
  2010 | Sewer    | Noticed Purgy
  2030 | Sewer    | Killed Purgy
  2030 | Sewer    | Reached skill level 7 in Long Blades
  2432 | D:4      | Noticed an ogre
  2442 | D:4      | Reached XP level 6. HP: 21/52 MP: 5/5
  2661 | D:4      | Reached skill level 8 in Long Blades
  2702 | D:4      | Found a stormy altar of Qazlal.
  2709 | D:4      | Found an opulent altar of Gozag.
  2710 | D:4      | Found an ornate altar of the Wu Jian Council.
  2710 | D:4      | Found a shattered altar of Ashenzari.
  2710 | D:4      | Found an ancient bone altar of Kikubaaqudgha.
  2711 | D:4      | Found a hazy altar of Hepliaklqana.
  2712 | D:4      | Found a hide-covered altar of Uskayaw.
  2713 | D:4      | Found a shimmering altar of Xom.
  2718 | D:4      | Became a worshipper of Ashenzari the Shackled
  3194 | D:4      | Noticed a moth of wrath
  3197 | D:4      | Found a bloodstained altar of Trog.
  3413 | D:4      | Reached skill level 9 in Long Blades
  3413 | D:4      | Reached XP level 7. HP: 19/60 MP: 6/6
  3743 | D:4      | Reached skill level 5 in Fighting
  4122 | D:5      | Entered Level 5 of the Dungeon
  4149 | D:5      | Found a shadowy altar of Dithmenos.
  4248 | D:5      | Reached skill level 5 in Shields
  4248 | D:5      | Reached XP level 8. HP: 60/70 MP: 7/7
  4422 | D:5      | Found a shattered altar of Ashenzari.
  4427 | D:5      | Noticed Sigmund
  4439 | D:5      | Killed Sigmund
  4548 | D:5      | Found a radiant altar of Vehumet.
  4566 | D:5      | Reached skill level 10 in Long Blades
  4924 | D:5      | Reached * piety under Ashenzari
  4932 | D:5      | Noticed Eustachio
  4944 | D:5      | Killed Eustachio
  5093 | D:5      | Found Lusetedi's Magic Scroll Boutique.
  5102 | D:5      | Bought a scroll of fear for 35 gold pieces
  5102 | D:5      | Bought a scroll of enchant armour for 75 gold pieces
  5102 | D:5      | Bought a scroll of identify for 20 gold pieces
  5102 | D:5      | Bought a scroll of immolation for 35 gold pieces
  5102 | D:5      | Bought a scroll of remove curse for 30 gold pieces
  5102 | D:5      | Bought a scroll of identify for 20 gold pieces
  5179 | D:5      | Found a staircase to the Ecumenical Temple.
  5737 | D:6      | HP: 3/73 [black bear (5)]
  5739 | D:6      | Slain by a black bear

Skill      XL: |  1  2  3  4  5  6  7  8 |
---------------+-------------------------+-----
Long Blades    | 3 4 6 7 9 10 | 10.6
Fighting       | 4 5 7 |  7.3
Shields        | 5 6 |  6.9
Armour         | |  3.8

Action                   |  1- 3 |  4- 6 |  7- 9 || total
-------------------------+-------+-------+-------++-------
Melee: Long sword        |    90 |   147 |   191 ||   428
       Headbutt          |     9 |    25 |    46 ||    80
Invok: Curse Item        |       |     2 |     1 ||     3
  Use: Scroll            |       |       |     5 ||     5
       Potion            |       |       |     1 ||     1
  Eat: Chunk             |     1 |     7 |     7 ||    15
Armor: Scale mail        |    44 |    52 |       ||    96
       Chain mail        |       |    19 |   103 ||   122
Dodge: Dodged            |    35 |    48 |    40 ||   123
Block: Shield            |    45 |    77 |    91 ||   213
       Rpst.: Long sword |    10 |    12 |    14 ||    36
